 Dungeon Crawl Stone Soup version 0.17.1-2-g5865329 (webtiles) character file.

2025 pipel the Grappler (level 9, -7/92 HPs)
             Began as a Troll Berserker on Jan 31, 2016.
             Was a Believer of Trog.
             Mangled by a yak (16 damage)
             ... on level 10 of the Dungeon.
             The game lasted 00:16:09 (1305 turns).

pipel the Grappler (Troll Berserker)                Turns: 1305, Time: 00:16:09

Health: -7/92      AC:  6    Str: 30    XL:     9   Next: 3%
Magic:  8/8        EV: 10    Int:  3    God:    Trog [**....]
Gold:   106        SH:  0    Dex:  9    Spells: 0 memorised, 8 levels left

rFire  . . .     SeeInvis .       - Unarmed
rCold  . . .     Clarity  .     a - +1 animal skin
rNeg   . . .     SustAt   .     (no shield)
rPois  .         Gourm    +     (helmet restricted)
rElec  .         Spirit   .     (no cloak)
rCorr  .         Warding  .     (gloves unavailable)
rMut   .         Rnd*Tele +     (boots unavailable)
MR     .....                    (no amulet)
Stlth  +.........               (no ring)
                                (no ring)

@: exhausted, slowed, very slow, not resistant to hostile enchantments, very
unstealthy
A: unfitting armour, claws 3, fast metabolism 3, gourmand, sense surroundings 1,
regeneration 2, shaggy fur 1, teleportitis 1, tough skin 2
a: Berserk, Trog's Hand, Burn Spellbooks, Renounce Religion


You were on level 10 of the Dungeon.
You worshipped Trog.
Trog was pleased with you.
You were not hungry.

You visited 1 branch of the dungeon, and saw 10 of its levels.

You collected 226 gold pieces.
You spent 120 gold pieces at shops.

Inventory:

Armour
 a - a +1 animal skin (worn)
Wands
 c - a wand of slowing (12)
 o - a wand of slowing (34)
Scrolls
 d - 3 scrolls of identify
 j - a scroll of magic mapping {unknown}
 l - 2 scrolls of teleportation
Potions
 e - a potion of degeneration {unknown}
 k - 2 potions of heal wounds
 n - a potion of mutation
Books
 f - a book of Necromancy

   Spells                             Type                      Level
   a - Pain                           Necromancy                   1
   b - Animate Skeleton               Necromancy                   1
   c - Vampiric Draining              Necromancy                   3
   d - Regeneration                   Charms/Necromancy            3
   e - Animate Dead                   Necromancy                   4
   f - Control Undead                 Necromancy                   4
   Trog disapproves of the use of such an item.
 i - a book of Maledictions

   Spells                             Type                      Level
   a - Corona                         Hexes                        1
   b - Ensorcelled Hibernation        Hexes/Ice                    2
   c - Confuse                        Hexes                        3
   d - Tukima's Dance                 Hexes                        3
   e - Dazzling Spray                 Conjuration/Hexes            3
   Trog disapproves of the use of such an item.
Comestibles
 b - 3 bread rations
 g - a meat ration
 h - 5 chunks of flesh
 m - a beef jerky


   Skills:
 + Level 6.9 Fighting
 - Level 4.0 Throwing
 + Level 2.5 Dodging
 + Level 8.2 Unarmed Combat


You had 8 spell levels left.
You didn't know any spells.

Dungeon Overview and Level Annotations

Branches:
Dungeon (10/15)            Temple (0/1) D:7             Orc (0/4) D:10
   Lair: D:8-11

Altars:
Ashenzari
Okawaru

Shops:
D:10 ?


Innate Abilities, Weirdness & Mutations

You are too large for most types of armour.
You have claws for hands.
Your metabolism is lightning-fast.
You like to eat raw meat.
You heal very quickly.
You are covered in fur (AC +1).
You have very tough skin (AC +2).
You passively map a small area around you.
You are occasionally teleported next to monsters.


Message History

The phantom misses you. The yak gores you!
* * * LOW HITPOINT WARNING * * *
The yak closely misses you.
You closely miss the yak.
The yak is almost dead.
The yak gores you but does no damage. The yak barely misses you.
The phantom hits you.
* * * LOW HITPOINT WARNING * * *
The yak gores you.
* * * LOW HITPOINT WARNING * * *
The yak barely misses you.
The door flies open with a bang!
You feel a strong urge to attack something.
You are no longer berserk.
You are exhausted.
You feel yourself slow down. The yak gores you!
* * * LOW HITPOINT WARNING * * *
The yak gores you!
You die...

* * * #............. *
,#............. * ##*
,+.......###### * *
.#,* #.......# * * #$
#.........#*
*#####.####..........*
*
,.........##+######..#
,
........Y#.......*..#
, , .......YY@.......
..# #......YY#.......
#......W.#....... ,
#........#.....$.
#........#....... ,
#........#....... ,
.........#....... * ,
, .........######## *
, .........$,, ,


You could see 5 yaks and a phantom.

Vanquished Creatures
  Pikel (D:5)
  Edmund (D:4)
  A sky beast (D:10)
  3 phantoms (D:10)
  2 centaurs
  2 slaves (D:5)
  An ogre (D:9)
  2 orc warriors
  A giant frog (D:7)
  A troll zombie (D:10)
  A scorpion (D:6)
  A hound (D:7)
  2 crimson imps
  A centaur zombie (D:5)
  3 orc priests
  An orc wizard (D:7)
  2 iguanas
  3 worker ants
  3 ogre zombies (D:10)
  A worker ant zombie (D:5)
  3 gnolls (D:7)
  2 giant geckos (D:5)
  12 orcs
  A giant cockroach (D:1)
  2 goblins (D:1)
  3 hobgoblins
  3 giant newts
  A goblin skeleton (D:10)
  4 hobgoblin skeletons (D:10)
  A hobgoblin zombie (D:10)
  A kobold (D:3)
  An orc skeleton (D:10)
  5 orc zombies (D:10)
  A quokka (D:10)
  3 rats
76 creatures vanquished.

Vanquished Creatures (others)
  A hound (D:5)
1 creature vanquished.

Grand Total: 77 creatures vanquished

Notes
Turn   | Place    | Note
--------------------------------------------------------------
     0 | D:1      | pipel the Troll Berserker began the quest for the Orb.
     0 | D:1      | Reached XP level 1. HP: 22/22 MP: 0/0
   163 | D:2      | Reached XP level 2. HP: 26/29 MP: 1/1
   428 | D:4      | Found an iron altar of Okawaru.
   485 | D:4      | Noticed Edmund
   497 | D:4      | Killed Edmund
   497 | D:4      | Reached skill level 4 in Unarmed Combat
   497 | D:4      | Reached XP level 3. HP: 39/39 MP: 2/2
   497 | D:4      | Reached XP level 4. HP: 48/48 MP: 3/3
   544 | D:4      | Reached XP level 5. HP: 43/54 MP: 4/4
   573 | D:5      | Entered Level 5 of the Dungeon
   631 | D:5      | Noticed Pikel
   631 | D:5      | Noticed a slave
   631 | D:5      | Noticed a slave
   631 | D:5      | Noticed a slave
   631 | D:5      | Noticed a slave
   636 | D:5      | Killed a slave
   648 | D:5      | Killed a slave
   660 | D:5      | Killed Pikel
   660 | D:5      | Reached ** piety under Trog
   660 | D:5      | Reached skill level 5 in Fighting
   660 | D:5      | Reached skill level 6 in Unarmed Combat
   660 | D:5      | Reached XP level 6. HP: 42/66 MP: 5/5
   660 | D:5      | Reached XP level 7. HP: 45/72 MP: 6/6
   729 | D:6      | Gained mutation: You are occasionally teleported next to monsters. [potion of mutation]
   729 | D:6      | Gained mutation: You passively map a small area around you. [potion of mutation]
   734 | D:6      | Found a shattered altar of Ashenzari.
   778 | D:7      | Found a staircase to the Ecumenical Temple.
   842 | D:7      | Reached skill level 1 in Throwing
   888 | D:6      | Reached skill level 7 in Unarmed Combat
   888 | D:6      | Reached XP level 8. HP: 83/83 MP: 7/7
  1060 | D:10     | Entered Level 10 of the Dungeon
  1110 | D:10     | Found Tisch's Magic Scroll Boutique.
  1118 | D:10     | Bought a scroll of teleportation for 45 gold pieces
  1118 | D:10     | Bought a scroll of teleportation for 45 gold pieces
  1118 | D:10     | Bought a scroll of identify for 30 gold pieces
  1181 | D:10     | Found a staircase to the Orcish Mines.
  1233 | D:10     | Reached skill level 8 in Unarmed Combat
  1295 | D:10     | Reached XP level 9. HP: 71/92 MP: 8/8
  1305 | D:10     | Mangled by a yak

Action                   |  1- 3 |  4- 6 |  7- 9 || total
-------------------------+-------+-------+-------++-------
Melee: Unarmed           |    33 |    46 |   165 ||   244
Throw: Tomahawk          |       |       |     1 ||     1
Invok: Berserk           |     2 |     2 |     7 ||    11
       Trog's Hand       |       |       |     1 ||     1
  Use: Potion            |     4 |       |     1 ||     5
       Scroll            |       |       |     8 ||     8
  Eat: Chunk             |     2 |     6 |    17 ||    25
